 Dungeon Crawl Stone Soup version 0.21-a0-140-g479285b (webtiles) character file.

219 Gorglomux the Skirmisher (level 5, 4/48 HPs)
             Began as a Hill Orc Abyssal Knight on July 19, 2017.
             Was a Believer of Lugonu.
             Quit the game on level 3 of the Dungeon.
             The game lasted 00:05:41 (3577 turns).

Gorglomux the Skirmisher (Hill Orc Abyssal Knight)  Turns: 3577, Time: 00:05:42

Health: 4/48       AC:  5    Str: 18 (21) XL:     5   Next: 96%
Magic:  0/6        EV: 10    Int: 16 (17) God:    Lugonu [**....]
Gold:   199        SH:  0    Dex:  7 (10) Spells: 4/4 levels left

rFire    + . .     SeeInvis .   S - +2 whip (pain)
rCold    + . .     Gourm    .   (no shield)
rNeg     . . .     Faith    .   C - +0 ring mail
rPois    +         Spirit   +   (no helmet)
rElec    +         Reflect  .   Z - scarf {Spirit}
rCorr    +         Harm     .   (no gloves)
MR       .....                  (no boots)
Stlth    ..........             (no amulet)
HPRegen  0.16/turn              (no ring)
MPRegen  0.10/turn              (no ring)

@: mighty, brilliant, lethally poisoned (4 -> -10), resistant
A: no striking features
a: Depart the Abyss, Bend Space, Renounce Religion, Convert to Beogh


You were on level 3 of the Dungeon.
You worshipped Lugonu.
Lugonu was pleased with you.
You were not hungry.

You visited 1 branch of the dungeon, and saw 4 of its levels.
You visited the Abyss 1 time.

You collected 199 gold pieces.

Inventory:

Hand Weapons
 P - a +0 hand axe
 S - a +2 whip of pain (weapon)
Armour
 C - a +0 ring mail (worn)
 Z - a scarf of spirit shield (worn)
Jewellery
 W - an uncursed ring of stealth {unknown}
Scrolls
 d - a scroll of acquirement {unknown}
 h - a scroll of blinking {unknown}
 D - 3 scrolls of enchant weapon {unknown}
 R - 2 scrolls of identify
 T - 3 scrolls of teleportation
Potions
 n - 2 potions of agility
 A - a potion of brilliance
Comestibles
 c - 3 bread rations
 m - a royal jelly
 z - 2 meat rations
 U - 4 fruits


   Skills:
 + Level 5.3 Fighting
   Level 2.0 Short Blades
 + Level 1.8(2.5) Axes
 - Level 2.1(2.3) Maces & Flails
 + Level 4.3 Armour
 - Level 1.0 Dodging
 - Level 2.5 Invocations


You had 4 spell levels left.
You didn't know any spells.

Dungeon Overview and Level Annotations

Branches:
Dungeon (4/15)
 Temple: D:4-7

Altars:
Kikubaaqudgha
Nemelex Xobeh
Sif Muna
Uskayaw
Vehumet


Message History

You feel clever all of a sudden! * * * don't die
* * * You feel sick!
The orc hits you but butts no damage!
You are more poisoned!
The orc priest closely misses you!
It was a potion of degeneration!
There was something very wrong with that liquid!
You feel weakened!
You feel dopey!
You feel clumsy! * * * don't die
* * * You feel sick!
The orc hits you but does no damage!
The orc priest hits you with a hand axe! * * * don't die
* * * Quiver which item? (- for none, * to show all) (? for menu, Esc to quit)
Okay, then!
It was a potion of might!
You feel very mighty all of a sudden! * * * don't die
* * * You feel sick!
The orc barely misses you!
The orc priest hits you with a hand axe!
Are you sure you want to abandon this character and quit the game? (Confirm with "yes"!)

#############
#>......#...#
#.......#...#
#._.....#...# ####
#.......#...# #..#
#...........# ###..#
#.......#...# #@o..#
#.......#...# ##o##.#
#>......#...###..##.#
#........##..#..###[#
#.<...)..###.#รท## #[#
#........###...# #.##
...............## #.[#
)........#####..####)####
.........######..#......#


You could see an orc priest and an orc.

Vanquished Creatures
  3 orc wizards
  A worker ant (D:3)
  A gnoll (D:3)
  3 adders
  A worm (D:2)
  A dart slug (D:1)
  2 leopard geckos
  11 orcs
  2 bat zombies (D:2)
  2 giant cockroaches (D:2)
  8 goblins
  8 hobgoblins
  2 jackals (D:2)
  A quokka (D:2)
  5 bats
  4 frilled lizards
  3 kobolds
  6 rats
64 creatures vanquished.

Vanquished Creatures (others)
  A bat (D:2)
1 creature vanquished.

Grand Total: 65 creatures vanquished

Notes
Turn   | Place    | Note
-------+----------+-------------------------------------------
     0 | Abyss:1  | Gorglomux the Hill Orc Abyssal Knight began the quest for the Orb.
     0 | Abyss:1  | Reached XP level 1. HP: 19/19 MP: 2/2
    29 | Abyss:1  | Found a corrupted altar of Lugonu.
    37 | Abyss:1  | Found a corrupted altar of Lugonu.
    69 | Abyss:2  | Noticed a small abomination
    77 | D:1      | Escaped the Abyss
    93 | D:1      | Reached skill level 1 in Dodging
   445 | D:1      | Reached XP level 2. HP: 27/27 MP: 3/3
   611 | D:1      | Reached * piety under Lugonu
   795 | D:2      | Found a radiant altar of Vehumet.
   907 | D:2      | Reached skill level 4 in Fighting
  1156 | D:2      | Reached XP level 3. HP: 31/33 MP: 4/4
  1476 | D:2      | Reached skill level 3 in Armour
  1666 | D:2      | Found an ancient bone altar of Kikubaaqudgha.
  2193 | D:3      | Found a hide-covered altar of Uskayaw.
  2331 | D:3      | Reached skill level 1 in Maces & Flails
  2331 | D:3      | Reached XP level 4. HP: 14/41 MP: 2/5
  2526 | D:3      | Reached ** piety under Lugonu
  2526 | D:3      | Reached XP level 5. HP: 15/47 MP: 4/6
  2801 | D:3      | Reached skill level 5 in Fighting
  2838 | D:3      | Found a deep blue altar of Sif Muna.
  3105 | D:4      | Found a sparkling altar of Nemelex Xobeh.
  3150 | D:4      | Reached skill level 1 in Axes
  3577 | D:3      | Quit the game

Vault maps used:
D:1:      doesnt_arrival_eight_statues, minivault_11
D:2:      fiery_altar_vehumet, lemuel_zombie_altar_kikubaaqudgha, serial_forest,
          infiniplex_forest_straight_1, infiniplex_forest_straight_2,
          infiniplex_forest_zigzag_1, infiniplex_forest_straight_2,
          infiniplex_forest_clump_double, infiniplex_forest_corner_1,
          infiniplex_forest_corner_1
D:3:      old_standard_altar, overflow_temple_1_default
D:4:      nicolae_ru_path_of_blood, nicolae_overflow_hidden_temple,
          cheibrodos_ashenzari_chains, hangedman_decor_diamond_cutter, hex_tiny,
          grunt_qazlal_sundering, uniq_sigmund

Skill      XL: |  1  2  3  4  5 |
---------------+----------------+-----
Dodging        | 1 |  1.0
Fighting       | 4 5 |  5.3
Armour         | 3 4 |  4.3
Maces & Flails | 1 2 |  2.1
Axes           | 1 |  1.8
Short Blades   | |  2.0
Invocations    | |  2.5

Action                   |  1- 3 |  4- 6 || total
-------------------------+-------+-------++-------
Melee: Short sword       |    74 |       ||    74
       Whip              |   107 |   164 ||   271
Invok: Depart the Abyss  |     1 |       ||     1
  Use: Scroll            |     6 |       ||     6
       Potion            |     2 |     7 ||     9
 Stab: Invisible         |       |     9 ||     9
  Eat: Chunk             |     4 |     5 ||     9
Armor: Ring mail         |    67 |    70 ||   137
       Leather armour    |     4 |       ||     4
Dodge: Dodged            |   115 |   137 ||   252
